[Event "Sunday07 January Rapid Engine Tour 12+1 Rounds 9 Starts 1600 ST"]
[Site "Infinity Chess"]
[Date "2018.1.7"]
[Round "5"]
[White "incredible"]
[Black "Gilgamesch"]
[Result "1/2-1/2 "]
[ECO "C65"]
[WhiteElo "2470"]
[BlackElo "2476"]
[WhiteEngine "stockfish_18010422_x64_bmi2"]
[BlackEngine "BrainFish_171005_x64_bmi2"]
[EventType "Swiss"]
[WhiteTeam ""]
[BlackTeam ""]
[PlyCount "367"]
[TimeControl "720+1"]

1. e4 e5 2. Nf3 Nc6 3. Bb5 Nf6 4. O-O Nxe4 5. d4 Nd6 6. Bxc6 dxc6 7. dxe5 Nf5 
8. Qxd8+ Kxd8 9. Nc3 Bd7 10. Rd1 Kc8 11. Ng5 Be8 12. b3 Be7 13. Nge4 a5 
14. f3 b6 15. Bb2 Bd7 16. Kf2 h5 17. Ne2 a4 18. Nf4 Rh6 19. Rd2 g5 20. Nh3 g4 
21. Nf4 Ng7 22. Nf6 Bf5 23. Ng8 Bc5+ 24. Bd4 Rh8 25. Bxc5 Rxg8 26. Be7 gxf3 
27. gxf3 axb3 28. cxb3 Ne6 29. Ke3 Ra5 30. Bf6 Nxf4 31. Kxf4 Be6 32. Re1 c5 
33. Rc2 Bd5 34. Rd1 Be6 35. h4 Rb5 36. Bg5 Rb4+ 37. Ke3 Kb7 38. Rd8 Rxd8 
39. Bxd8 c4 40. bxc4 Bxc4 41. Rd2 Be6 42. a3 Ra4 43. Rd3 Bc4 44. Rc3 Kc8 
45. Bf6 Bd5 46. Ke2 Kd7 47. Rd3 c6 48. Kf2 Rc4 49. Ke3 Ke6 50. Rd4 Rc3+ 
51. Rd3 Rc1 52. Bd8 b5 53. Kf4 c5 54. Ba5 Rh1 55. Kg5 Rg1+ 56. Kf4 Rh1 
57. Kg5 c4 58. Rc3 Rg1+ 59. Kf4 Rg6 60. Bb4 Rg2 61. Re3 Rb2 62. Bc3 Ra2 
63. Bb4 Rf2 64. Be1 Rf1 65. Bc3 Rb1 66. Bd4 Rc1 67. Bc3 Rb1 68. Bd4 Rc1 
69. Bc3 Rg1 70. Be1 Bc6 71. Bb4 Rf1 72. Bc3 Bb7 73. Bb4 Ba8 74. Ba5 Bd5 
75. Bb4 Rg1 76. Re1 Rg2 77. Re3 Ra2 78. Kg5 Rh2 79. Ba5 Rg2+ 80. Kf4 Rb2 
81. Kg5 Rb3 82. Kf4 Rb1 83. Bc3 Rf1 84. Bb4 Ba8 85. Bc3 Rg1 86. Bb4 Bb7 
87. Re1 Rg2 88. Rd1 Bd5 89. Re1 Rf2 90. Re3 Ra2 91. Kg5 Rh2 92. Bf8 Rb2 
93. Bb4 Rb3 94. Kf4 Rb2 95. Bc3 Rh2 96. Be1 Ba8 97. Kg3 Ra2 98. Kf4 Ra1 
99. Bb4 Rd1 100. Kg5 Rf1 101. Kf4 Rf2 102. Bc5 Rh2 103. Kg5 Rh1 104. Bb4 Bd5 
105. Re1 Rxe1 106. Bxe1 Kxe5 107. Bc3+ Ke6 108. Kf4 Kd7 109. Be5 Bc6 
110. Ke3 Ke6 111. Bc3 Bb7 112. Bd4 Kf5 113. Bc3 Bc6 114. Ba5 Be8 115. Bc3 Bd7 
116. Bd2 Ke5 117. Bc3+ Kd6 118. Bb4+ Kd5 119. Bc3 Bc6 120. Bb4 Ba8 121. Bc3 Kd6 
122. Be1 Kc5 123. Bb4+ Kd5 124. Be1 Ke6 125. Bc3 Bb7 126. Ba5 Bd5 127. Bc3 Kd7 
128. Kf4 Kd6 129. Bb4+ Kd7 130. Ke3 Bc6 131. Ba5 Bd5 132. Bc3 Ke7 133. Bb4+ Ke6 
134. Bc3 Kf5 135. Be1 Ba8 136. Bb4 Bb7 137. Ba5 f6 138. Bd2 Bc6 139. Bc3 Bb7 
140. Bd2 Bc6 141. Bc3 Bd5 142. Be1 Be6 143. Bd2 Bd5 144. Be1 Bg8 145. Bd2 Bf7 
146. Kd4 Ke6 147. Bc3 Be8 148. Ke3 Bg6 149. Kd4 Kf5 150. Bd2 Ke6 151. Bc3 Bf7 
152. Kc5 Be8 153. Kd4 Bg6 154. Kc5 Be8 155. Kd4 f5 156. Bd2 Bc6 157. Ke3 Kd5 
158. Bc3 f4+ 159. Kxf4 Ke6 160. Bd2 Bb7 161. Be1 Kd7 162. Ke3 Ke6 163. Bd2 Kd5 
164. Bb4 Ke5 165. Bc3+ Ke6 166. Bb4 Ke5 167. Bc3+ Ke6 168. Kf4 Bc6 169. Bg7 Kd7 
170. Bh8 Kc7 171. Ke3 Kd7 172. Bd4 Kd6 173. Bg7 Bd5 174. Bb2 Bc6 175. Bg7 Ke6 
176. Bd4 Kf7 177. Bc5 Kg6 178. Bb4 Bd7 179. Kf4 Kf6 180. Bd2 Bc6 181. Bc3+ Kf7 
182. Ke3 Be8 183. Ke4 Bc6+ 184. Kd4 1/2-1/2

[Event "Sunday07 January Rapid Engine Tour 12+1 Rounds 9 Starts 1600 ST"]
[Site "Infinity Chess"]
[Date "2018.1.7"]
[Round "5"]
[White "SkyPilot"]
[Black "Marsell"]
[Result "1/2-1/2"]
[ECO "C55"]
[WhiteElo "2488"]
[BlackElo "2474"]
[WhiteEngine "stockfish_x64_bmi2_2018_01_01_CTG"]
[BlackEngine "asmFishW_2017-12-07_popcnt"]
[EventType "Swiss"]
[WhiteTeam ""]
[BlackTeam ""]
[PlyCount "109"]
[TimeControl "720+1"]

1. e4 e5 2. Nf3 Nc6 3. Bc4 Nf6 4. d3 Bc5 5. c3 d6 6. O-O O-O 7. h3 a6 8. Re1 Ba7 
9. a3 h6 10. Nbd2 Nh5 11. Nf1 Qf6 12. Be3 Be6 13. Bb3 Bxe3 14. Nxe3 Nf4 
15. Bc2 Ne7 16. d4 c5 17. d5 Bd7 18. Kh2 b5 19. h4 Qg6 20. g3 Nh5 21. Nd2 f5 
22. exf5 Nxf5 23. Qf3 Rf6 24. Ng4 Rf7 25. Ne3 Rf6 26. Ne4 Rf7 27. Qg4 Qxg4 
28. Nxg4 Nxh4 29. Bd1 Bxg4 30. Bxg4 Nf3+ 31. Bxf3 Rxf3 32. a4 Rd8 33. axb5 axb5 
34. Ra6 Rd3 35. Rxd6 Rxd5 36. Rxd8+ Rxd8 37. Nxc5 Rd2 38. Rxe5 Nf6 39. Kg2 Rxb2 
40. Re7 Nd5 41. Rb7 Nxc3 42. Ne6 Nd1 43. Rxg7+ Kh8 44. Rf7 b4 45. Nd4 Kg8 
46. Rf3 h5 47. g4 hxg4 48. Rb3 Rxb3 49. Nxb3 Kg7 50. f3 g3 51. f4 Nc3 
52. Kxg3 Kf6 53. Kf3 Ke6 54. Kf2 Nd5 55. Nd4+ 1/2-1/2

[Event "Sunday07 January Rapid Engine Tour 12+1 Rounds 9 Starts 1600 ST"]
[Site "Infinity Chess"]
[Date "2018.1.7"]
[Round "5"]
[White "xeonrocks"]
[Black "fati64"]
[Result "1/2-1/2"]
[ECO "C50"]
[WhiteElo "2512"]
[BlackElo "2493"]
[WhiteEngine "asmFishW_CTG"]
[BlackEngine "Raubfisch ME262_GTZ16b1."]
[EventType "Swiss"]
[WhiteTeam ""]
[BlackTeam ""]
[PlyCount "138"]
[TimeControl "720+1"]

1. e4 e5 2. Nf3 Nc6 3. Bc4 Bc5 4. O-O Nf6 5. d3 O-O 6. Bb3 d6 7. Nbd2 a5 
8. c3 h6 9. a4 Re8 10. Re1 Be6 11. Nc4 Qd7 12. Be3 Bxe3 13. Nxe3 b6 14. Qc2 Bxb3 
15. Qxb3 Ne7 16. g3 Qh3 17. Qc4 c6 18. Rad1 Rac8 19. Qb3 Ng6 20. Kh1 Ng4 
21. Nxg4 Qxg4 22. Nd2 Rb8 23. Rb1 Qd7 24. Qc2 d5 25. b4 axb4 26. Rxb4 Nf8 
27. Reb1 Red8 28. Nf3 dxe4 29. dxe4 Qc7 30. Nd2 Rb7 31. Nc4 Nd7 32. Kg2 Ra8 
33. h4 Ra6 34. Rd1 Rb8 35. Rd2 Nc5 36. Qd1 Rba8 37. Qg4 Rxa4 38. Nxb6 Rxb4 
39. Nxa8 Rxe4 40. Qxg7+ Kxg7 41. Nxc7 Rc4 42. Ne8+ Kg6 43. Rd6+ Ne6 44. Rd7 Rxc3 
45. h5+ Kxh5 46. Rxf7 Ng5 47. Rf6 Rc2 48. Nd6 e4 49. Ne8 Nf3 50. Re6 Ne1+ 
51. Kf1 Nd3 52. Nf6+ Kg6 53. Nxe4+ Kf5 54. Re7 c5 55. f3 h5 56. Rd7 Ne5 
57. Rd5 Ke6 58. Rxc5 Rxc5 59. Nxc5+ Kd5 60. f4 Ng4 61. Nb3 h4 62. f5 h3 
63. Nd2 h2 64. Kg2 h1=Q+ 65. Kxh1 Ke5 66. Kg2 Kf6 67. Nb1 Kxf5 68. Nd2 Nf6 
69. g4+ Kxg4 1/2-1/2

[Event "Sunday07 January Rapid Engine Tour 12+1 Rounds 9 Starts 1600 ST"]
[Site "Infinity Chess"]
[Date "2018.1.7"]
[Round "5"]
[White "THE_MACHINE"]
[Black "KRAKEN"]
[Result "1/2-1/2"]
[ECO "C58"]
[WhiteElo "2522"]
[BlackElo "2471"]
[WhiteEngine "BrainFish_180106_x64_bmi2"]
[BlackEngine "Raubfisch X37b2_CTG"]
[EventType "Swiss"]
[WhiteTeam ""]
[BlackTeam ""]
[PlyCount "137"]
[TimeControl "720+1"]

1. e4 e5 2. Nf3 Nc6 3. Bc4 Nf6 4. Ng5 d5 5. exd5 Na5 6. Bb5+ c6 7. dxc6 bxc6 
8. Be2 h6 9. Nh3 Bc5 10. O-O O-O 11. d3 Re8 12. Nc3 Rb8 13. Kh1 Bf5 14. Ng1 e4 
15. Na4 Bd6 16. d4 Nb7 17. c4 Bc7 18. Be3 Nd6 19. b3 Bc8 20. Qd2 Nf5 21. Rad1 a5 
22. Nc5 Qd6 23. g3 Qe7 24. Qc3 Ra8 25. Bc1 Bd6 26. Na4 Be6 27. Bb2 Rad8 
28. Qc2 Bb8 29. Nc5 Bc8 30. Rfe1 Rxd4 31. Bxd4 Nxd4 32. Rxd4 Qxc5 33. Red1 Bc7 
34. Qc1 Bb6 35. f3 Bc7 36. Kg2 g5 37. fxe4 Nxe4 38. Qb2 Bf5 39. Bd3 Bb6 
40. Nf3 Qf8 41. c5 Bxc5 42. Qc2 Bxd4 43. Nxd4 Bg6 44. Nxc6 Re6 45. Nd4 Re5 
46. Qc7 Re8 47. Nf3 Qa3 48. Qc2 Qb4 49. Re1 Qb7 50. g4 a4 51. Re3 axb3 
52. axb3 Kg7 53. h3 f6 54. Bxe4 Rxe4 55. Rxe4 Bxe4 56. Qc3 Bxf3+ 57. Qxf3 Qb8 
58. Qd5 Qc7 59. b4 Qc2+ 60. Kf1 Qc1+ 61. Ke2 Qb2+ 62. Ke1 Qxb4+ 63. Kf1 Qe7 
64. Kf2 f5 65. Qd4+ Kg6 66. Qb6+ Qf6 67. gxf5+ Kxf5 68. Qxf6+ Kxf6 69. Kf3 
1/2-1/2

[Event "Sunday07 January Rapid Engine Tour 12+1 Rounds 9 Starts 1600 ST"]
[Site "Infinity Chess"]
[Date "2018.1.7"]
[Round "5"]
[White "Victorious"]
[Black "Harry_Potter"]
[Result "1/2-1/2"]
[ECO "C50"]
[WhiteElo "2501"]
[BlackElo "2539"]
[WhiteEngine "Houdini 6"]
[BlackEngine "stockfish_18010422_x64_bmi2_CTG"]
[EventType "Swiss"]
[WhiteTeam ""]
[BlackTeam ""]
[PlyCount "96"]
[TimeControl "720+1"]

1. e4 e5 2. Nf3 Nc6 3. Bc4 Bc5 4. O-O Nf6 5. d3 d6 6. a4 a5 7. c3 O-O 8. Bg5 h6 
9. Bh4 g5 10. Bg3 Kg7 11. Nbd2 Ba7 12. Re1 Nh7 13. Bb5 h5 14. Bxc6 bxc6 
15. h4 g4 16. Nh2 Be6 17. Nhf1 Qf6 18. b3 Rfe8 19. Nc4 Bxc4 20. bxc4 Nf8 
21. Ne3 Bxe3 22. Rxe3 Rab8 23. Qe2 Ne6 24. f3 Qg6 25. Rf1 f6 26. Qf2 c5 
27. fxg4 hxg4 28. Ree1 Kf7 29. Rd1 Rb3 30. Qc2 Reb8 31. Rb1 Rxb1 32. Rxb1 Rxb1+ 
33. Qxb1 f5 34. exf5 Qxf5 35. Kh2 Kg6 36. Qb5 Nf4 37. Qe8+ Kh6 38. d4 cxd4 
39. Qh8+ Qh7 40. Qxh7+ Kxh7 41. cxd4 Nd3 42. dxe5 dxe5 43. Kg1 Kg6 44. Kf1 Kh5 
45. Ke2 Nf4+ 46. Kf1 Nd3 47. Ke2 Nf4+ 48. Kf1 Nd3 1/2-1/2

[Event "Sunday07 January Rapid Engine Tour 12+1 Rounds 9 Starts 1600 ST"]
[Site "Infinity Chess"]
[Date "2018.1.7"]
[Round "4"]
[White "angriff"]
[Black "MGR"]
[Result "1/2-1/2"]
[ECO "C50"]
[WhiteElo "2374"]
[BlackElo "2474"]
[WhiteEngine "SF_64BIT_POPCNT_CTG"]
[BlackEngine "asmFishW_2017-11-19_bmi2"]
[EventType "Swiss"]
[WhiteTeam ""]
[BlackTeam ""]
[PlyCount "94"]
[TimeControl "720+1"]

1. e4 e5 2. Nf3 Nc6 3. Bc4 Bc5 4. O-O Nf6 5. d3 d6 6. c3 a5 7. Re1 h6 
8. Nbd2 O-O 9. Nf1 a4 10. Ng3 Ra5 11. h3 Bb6 12. Qc2 Bd7 13. Rb1 Qe8 14. b4 axb3 
15. axb3 Be6 16. b4 Ra8 17. Bb3 Bxb3 18. Qxb3 Qe6 19. c4 Rfe8 20. Bd2 Nd7 
21. Nf5 Nd4 22. N3xd4 Bxd4 23. Red1 Bb6 24. Rf1 Kh7 25. Kh1 Ra6 26. f4 Rea8 
27. fxe5 Ra3 28. Qc2 Ra2 29. Qd1 Nxe5 30. Bc3 R8a3 31. Rb3 Rxb3 32. Qxb3 Re2 
33. Bxe5 Qxe5 34. c5 dxc5 35. Qxf7 Qf6 36. Qxf6 gxf6 37. bxc5 Bxc5 38. Rc1 b6 
39. Kh2 Kg6 40. Kg3 Rd2 41. Rc3 h5 42. Rb3 Kg5 43. h4+ Kg6 44. Kf3 Rf2+ 
45. Kg3 Rd2 46. Kf3 Kh7 47. Kg3 Kg6 1/2-1/2

[Event "Sunday07 January Rapid Engine Tour 12+1 Rounds 9 Starts 1600 ST"]
[Site "Infinity Chess"]
[Date "2018.1.7"]
[Round "4"]
[White "CoffeeOne"]
[Black "Dovahkiin"]
[Result "1/2-1/2"]
[ECO "C11"]
[WhiteElo "2487"]
[BlackElo "2384"]
[WhiteEngine "ĉfish-2018-01-07"]
[BlackEngine "BrainFish_180106_x64_modern_CTG"]
[EventType "Swiss"]
[WhiteTeam ""]
[BlackTeam ""]
[PlyCount "105"]
[TimeControl "720+1"]

1. e4 e6 2. d4 d5 3. Nc3 Nf6 4. e5 Nfd7 5. f4 c5 6. Nf3 Nc6 7. Be3 cxd4 
8. Nxd4 Qb6 9. Qd2 Qxb2 10. Rb1 Qa3 11. Bb5 Nxd4 12. Bxd4 a6 13. Bxd7+ Bxd7 
14. Rb3 Qe7 15. Rxb7 Rc8 16. O-O Qd8 17. Qe3 Rc4 18. Rfb1 Be7 19. f5 Bg5 
20. Qd3 O-O 21. Ne4 Bc8 22. Bb6 Be3+ 23. Qxe3 Qh4 24. Nf6+ gxf6 25. Rc7 exf5 
26. Rxc4 dxc4 27. exf6 Kh8 28. Bc7 Rg8 29. Bg3 Qg4 30. c3 Qg6 31. Rb4 Be6 
32. Rb8 h6 33. Rxg8+ Kxg8 34. Be5 Kh7 35. Qg3 Qg5 36. Kf2 Qd2+ 37. Kg1 Qd1+ 
38. Kf2 Qd2+ 39. Kf1 Qc1+ 40. Ke2 Qc2+ 41. Ke1 Qb1+ 42. Kd2 Qb2+ 43. Ke3 Qc1+ 
44. Ke2 Qc2+ 45. Kf1 Qd1+ 46. Qe1 Qc2 47. Bf4 Bd5 48. Qg3 Qb1+ 49. Ke2 Qe4+ 
50. Kf2 Qc2+ 51. Kf1 Qd1+ 52. Kf2 Qc2+ 53. Kf1 1/2-1/2

[Event "Sunday07 January Rapid Engine Tour 12+1 Rounds 9 Starts 1600 ST"]
[Site "Infinity Chess"]
[Date "2018.1.7"]
[Round "4"]
[White "Thinker"]
[Black "MarioDeMonti"]
[Result "1/2-1/2"]
[ECO "B90"]
[WhiteElo "2442"]
[BlackElo "2418"]
[WhiteEngine "BrainFish_180106_x64_modern_CTG"]
[BlackEngine "stockfish_x64_bmi2_2017_12_26_CTG"]
[EventType "Swiss"]
[WhiteTeam ""]
[BlackTeam ""]
[PlyCount "124"]
[TimeControl "720+1"]

1. e4 c5 2. Nf3 d6 3. d4 cxd4 4. Nxd4 Nf6 5. Nc3 a6 6. Be3 e5 7. Nb3 Be6 
8. h3 Be7 9. f4 Nc6 10. f5 Bxb3 11. axb3 Nb4 12. g3 Qc7 13. Bb5+ Kf8 14. Bc4 Rd8 
15. Bd5 Rc8 16. Ra4 Nbxd5 17. exd5 h6 18. O-O Ra8 19. Qd3 Kg8 20. Rfa1 Qd7 
21. g4 Kh7 22. Kh2 Bd8 23. Qe2 Rc8 24. Qg2 Kg8 25. Rc4 Be7 26. Kg3 Kh7 
27. Kh2 Kg8 28. Kg1 Bd8 29. Kh1 Rc7 30. Kh2 Kh7 31. Qe2 Rc8 32. Rxc8 Qxc8 
33. Qc4 Be7 34. Kg2 Qd7 35. Qd3 Ra8 36. Kg3 b5 37. Rh1 Kh8 38. h4 g6 39. Bxh6 b4 
40. Ne2 gxf5 41. Qxf5 Qxf5 42. gxf5 Rg8+ 43. Bg5 Nh7 44. Kf2 Bxg5 45. hxg5 Rxg5 
46. Ng3 Kg7 47. Ne4 Rxf5+ 48. Ke2 Nf6 49. Rg1+ Kf8 50. Nxd6 Rf4 51. Rg5 Ne4 
52. Nxe4 Rxe4+ 53. Kf3 Rf4+ 54. Kg3 f6 55. Rg4 Rxg4+ 56. Kxg4 Ke7 57. c4 Kd6 
58. Kf5 a5 59. Ke4 Kc5 60. Kf5 Kd6 61. Ke4 Kc5 62. Kf5 Kd6 1/2-1/2

[Event "Sunday07 January Rapid Engine Tour 12+1 Rounds 9 Starts 1600 ST"]
[Site "Infinity Chess"]
[Date "2018.1.7"]
[Round "4"]
[White "OlivierEvan"]
[Black "KillBill2017"]
[Result "1/2-1/2"]
[ECO "A06"]
[WhiteElo "2355"]
[BlackElo "2418"]
[WhiteEngine "Houdini 6"]
[BlackEngine "Raubfisch ME262_GTZ16b1._CTG"]
[EventType "Swiss"]
[WhiteTeam ""]
[BlackTeam ""]
[PlyCount "113"]
[TimeControl "720+1"]

1. Nf3 d5 2. d4 Nf6 3. c4 e6 4. e3 Be7 5. Nc3 O-O 6. a3 b6 7. cxd5 exd5 
8. b4 Nbd7 9. Be2 Bb7 10. O-O c6 11. Qc2 Re8 12. Ne5 Bd6 13. f4 b5 14. Bd3 a5 
15. bxa5 Rxa5 16. g4 Nf8 17. g5 N6d7 18. Ne2 Bxe5 19. dxe5 Nb6 20. Bd2 Ra8 
21. Ng3 Nc4 22. a4 g6 23. Rfb1 Qd7 24. Bb4 Ne6 25. Bxc4 bxc4 26. Bd6 Bc8 
27. Rb6 Ra6 28. Rxa6 Bxa6 29. a5 Ra8 30. f5 Nxg5 31. h4 Nf3+ 32. Kf2 Nh2 
33. h5 Re8 34. hxg6 fxg6 35. fxg6 Ng4+ 36. Kf3 Nxe5+ 37. Bxe5 Rxe5 
38. gxh7+ Qxh7 39. Qxh7+ Kxh7 40. Rb1 Re6 41. Rb6 Rf6+ 42. Ke2 Bb5 43. a6 c3+ 
44. Ke1 Rf8 45. Rb7+ Kg6 46. a7 Ra8 47. Ne2 Bxe2 48. Kxe2 c2 49. Kd2 Kf5 
50. Rc7 Ke5 51. Kxc2 Kd6 52. Rh7 Ke5 53. Kd3 Kd6 54. e4 Ke5 55. Rh5+ Kd6 
56. exd5 Rxa7 57. dxc6 1/2-1/2

[Event "Sunday07 January Rapid Engine Tour 12+1 Rounds 9 Starts 1600 ST"]
[Site "Infinity Chess"]
[Date "2018.1.7"]
[Round "4"]
[White "miguello"]
[Black "Satria_Ungu"]
[Result "1/2-1/2"]
[ECO "A40"]
[WhiteElo "2411"]
[BlackElo "2435"]
[WhiteEngine "asmFishW_2017-11-19_popcnt_CTG"]
[BlackEngine "Houdini 6_CTG"]
[EventType "Swiss"]
[WhiteTeam ""]
[BlackTeam ""]
[PlyCount "135"]
[TimeControl "720+1"]

1. d4 c6 2. e4 d5 3. e5 c5 4. Nf3 cxd4 5. Nxd4 Nc6 6. c4 e6 7. Nc3 Bc5 
8. Nxc6 bxc6 9. Qg4 Ne7 10. Qxg7 Ng6 11. Be2 Bf8 12. Qf6 Qc7 13. cxd5 exd5 
14. O-O Be7 15. Qg7 Bf8 16. Qf6 Be7 17. Qf3 Qxe5 18. Re1 Be6 19. Bh6 Rg8 
20. Qg3 Rd8 21. Qxe5 Nxe5 22. Bh5 Ng6 23. Rad1 Kd7 24. g3 Bd6 25. Be3 Rb8 
26. Re2 Nf4 27. Bxf4 Bxf4 28. Ne4 Be5 29. b3 Ke7 30. Nc5 Rg5 31. Bf3 Bd6 
32. Rc1 Bxc5 33. Rxc5 Kd6 34. Rec2 Bd7 35. Ra5 Re5 36. Ra6 Re1+ 37. Kg2 Re7 
38. Rd2 Be6 39. Ra4 Kc5 40. Rc2+ Kd6 41. Rd2 Kc5 42. Re2 Kd6 43. Rh4 a5 
44. Rh6 a4 45. bxa4 c5 46. Rd2 d4 47. Be4 Rf8 48. a5 f6 49. f3 Ra7 50. Rb2 Rxa5 
51. Rb6+ Ke5 52. Rxh7 Rxa2+ 53. Kf1 Ra1+ 54. Kf2 Rf7 55. Rh5+ f5 56. g4 Kf4 
57. Bb1 Bd5 58. gxf5 Bxf3 59. Rh4+ Kg5 60. Rxd4 cxd4 61. Kxf3 Ra3+ 62. Ke4 Rg7 
63. Kxd4 Rf3 64. Rg6+ Rxg6 65. fxg6 Kf6 66. g7 Kxg7 67. Be4 Rh3 68. Ke5 1/2-1/2

[Event "Sunday07 January Rapid Engine Tour 12+1 Rounds 9 Starts 1600 ST"]
[Site "Infinity Chess"]
[Date "2018.1.7"]
[Round "4"]
[White "Coco69"]
[Black "NINJA_JENGKA"]
[Result "1/2-1/2"]
[ECO "C50"]
[WhiteElo "2424"]
[BlackElo "2425"]
[WhiteEngine "BrainFish_180106_x64"]
[BlackEngine "Houdini 6_CTG"]
[EventType "Swiss"]
[WhiteTeam ""]
[BlackTeam ""]
[PlyCount "117"]
[TimeControl "720+1"]

1. e4 e5 2. Nf3 Nc6 3. Bc4 Bc5 4. O-O Nf6 5. d3 h6 6. c3 d6 7. b4 Bb6 8. a4 a5 
9. b5 Ne7 10. Nbd2 Ng6 11. Re1 O-O 12. d4 c6 13. Ba3 Re8 14. Bd3 Bg4 15. Qc2 Nf4 
16. bxc6 Nxd3 17. Qxd3 bxc6 18. Nc4 Bc7 19. dxe5 dxe5 20. Qe3 Qd7 21. Rab1 Qc8 
22. Nfd2 Be6 23. Nd6 Bxd6 24. Bxd6 Qd7 25. Bc5 Rab8 26. Rxb8 Rxb8 27. Nf3 Qc7 
28. h3 Rb2 29. Rd1 Qb8 30. Bd6 Qb3 31. Re1 Qxa4 32. Nxe5 Qb5 33. Nd3 Rb1 
34. Rxb1 Qxb1+ 35. Kh2 Ne8 36. Bc5 Qb8+ 37. Qg3 Qd8 38. Ba3 Ba2 39. Nc5 Qe7 
40. e5 f6 41. exf6 Nxf6 42. Qb8+ Kh7 43. Qf4 Bf7 44. c4 Qe2 45. Nd7 Nxd7 
46. Qxf7 Nf6 47. Qc7 Qxf2 48. Bf8 Ne8 49. Qe7 Qf4+ 50. Kh1 Qb8 51. Qe4+ Kg8 
52. Ba3 a4 53. Qxc6 Qe5 54. Qa8 Qe1+ 55. Kh2 Qe5+ 56. Kg1 Qe1+ 57. Kh2 Qe5+ 
58. Kg1 Qe1+ 59. Kh2 1/2-1/2

[Event "Sunday07 January Rapid Engine Tour 12+1 Rounds 9 Starts 1600 ST"]
[Site "Infinity Chess"]
[Date "2018.1.7"]
[Round "4"]
[White "ocirema"]
[Black "hafaba"]
[Result "1/2-1/2"]
[ECO "B00"]
[WhiteElo "2435"]
[BlackElo "2420"]
[WhiteEngine "Stockfish_18010423_720_x64_modern_BYO_RW_CTG"]
[BlackEngine "SF SL 03012018 POPCNT_CTG"]
[EventType "Swiss"]
[WhiteTeam ""]
[BlackTeam ""]
[PlyCount "71"]
[TimeControl "720+1"]

1. e4 Nc6 2. d4 d5 3. e5 Bf5 4. Bb5 e6 5. Nf3 Nge7 6. Ba4 a6 7. O-O b5 
8. Bb3 Na5 9. c3 Nxb3 10. axb3 c6 11. Nh4 a5 12. Nd2 Bd3 13. Re1 Nf5 
14. Nf1 Bxf1 15. Nxf5 Bxg2 16. Nxg7+ Bxg7 17. Kxg2 Qh4 18. Kh1 Bh6 19. Bxh6 Qxh6 
20. Rg1 Ke7 21. Qg4 Rhf8 22. Rg2 Kd7 23. Rag1 Qd2 24. Qf3 Kc7 25. Rg7 Kb6 
26. Rxf7 Rg8 27. Rxg8 Rxg8 28. Rb7+ Kxb7 29. Qf7+ Ka6 30. Qxg8 Qxf2 31. Qa8+ Kb6 
32. Qd8+ Kb7 33. Qd7+ Kb6 34. Qd8+ Kb7 35. Qd7+ Kb6 36. Qd8+ 1/2-1/2

[Event "Sunday07 January Rapid Engine Tour 12+1 Rounds 9 Starts 1600 ST"]
[Site "Infinity Chess"]
[Date "2018.1.7"]
[Round "4"]
[White "Prometheus"]
[Black "KULLANI"]
[Result "1/2-1/2 "]
[ECO "A20"]
[WhiteElo "2440"]
[BlackElo "2446"]
[WhiteEngine "Eman 1.58-64bit-IDeA"]
[BlackEngine "BrainFish_180106_x64_CTG"]
[EventType "Swiss"]
[WhiteTeam ""]
[BlackTeam ""]
[PlyCount "55"]
[TimeControl "720+1"]

1. c4 e5 2. g3 Nf6 3. Bg2 Nc6 4. Nf3 Bc5 5. O-O d6 6. Nc3 Bf5 7. a3 a5 8. d3 h6 
9. b3 Qd7 10. e3 O-O 11. d4 exd4 12. exd4 Ba7 13. Bb2 Bg4 14. Nb5 Bb6 
15. Qd2 Ne7 16. Rae1 Rae8 17. Nc3 Ng6 18. Rxe8 Rxe8 19. Re1 Rxe1+ 20. Nxe1 Bh3 
21. Ne4 Nxe4 22. Bxe4 c6 23. Bc3 Qe6 24. Bd3 Bf5 25. Be2 Qe4 26. Bd1 Nf8 
27. d5 cxd5 28. Bf3 1/2-1/2

[Event "Sunday07 January Rapid Engine Tour 12+1 Rounds 9 Starts 1600 ST"]
[Site "Infinity Chess"]
[Date "2018.1.7"]
[Round "4"]
[White "Vimtiroba"]
[Black "RonWeasley"]
[Result "1/2-1/2"]
[ECO "C11"]
[WhiteElo "2450"]
[BlackElo "2439"]
[WhiteEngine "Corchess@ T2_CTG"]
[BlackEngine "BrainFish 060118_CTG"]
[EventType "Swiss"]
[WhiteTeam ""]
[BlackTeam ""]
[PlyCount "172"]
[TimeControl "720+1"]

1. e4 e6 2. d4 d5 3. Nc3 Nf6 4. e5 Nfd7 5. f4 c5 6. Nf3 Nc6 7. Be3 cxd4 
8. Nxd4 Qb6 9. Qd2 Qxb2 10. Rb1 Qa3 11. Bb5 Nxd4 12. Bxd4 a6 13. Bxd7+ Bxd7 
14. Rb3 Qe7 15. Rxb7 Rc8 16. O-O Qd8 17. Qf2 Rxc3 18. Bxc3 Qc8 19. Rb3 Ba4 
20. Bd4 Bxb3 21. axb3 Be7 22. c3 O-O 23. b4 Qc6 24. Ra1 Bd8 25. Bc5 Re8 
26. Kh1 Be7 27. Bd4 Ra8 28. f5 exf5 29. Qxf5 Bd8 30. h3 h6 31. Qf3 Bc7 
32. Qg4 Bb6 33. e6 Bxd4 34. exf7+ Kxf7 35. Qxd4 Rc8 36. Re1 Kg8 37. Re3 Qd6 
38. Qg4 Rf8 39. Qd1 Rc8 40. Qe2 Kh7 41. Qd3+ Kg8 42. Kg1 d4 43. Qxd4 Qxd4 
44. cxd4 Rc4 45. Kf2 Rxd4 46. Re8+ Kf7 47. Ra8 Rxb4 48. Ra7+ Kg6 49. Rxa6+ Kf7 
50. Ra7+ Kf6 51. Ra6+ Ke5 52. g3 Kf5 53. Ra5+ Ke4 54. Ra2 g5 55. Re2+ Kd5 
56. Re3 Rb2+ 57. Kf3 Rb4 58. Rd3+ Ke5 59. g4 Ra4 60. Re3+ Kf6 61. Rd3 Rf4+ 
62. Ke3 Ke6 63. Ra3 Rb4 64. Ra6+ Kf7 65. Ra7+ Kf6 66. Ra6+ Kf7 67. Ra7+ Ke6 
68. Ra6+ Kd5 69. Rxh6 Rb3+ 70. Kf2 Rb2+ 71. Ke3 Rb1 72. Rh8 Rb3+ 73. Kf2 Rb2+ 
74. Kg3 Rb3+ 75. Kf2 Ke4 76. Re8+ Kd4 77. Kg2 Rb2+ 78. Kf1 Rb1+ 79. Ke2 Rb3 
80. Rd8+ Ke4 81. Re8+ Kf4 82. Rf8+ Kg3 83. Rf5 Rb2+ 84. Kd1 Kxh3 85. Rxg5 Kg3 
86. Rd5 Kxg4 1/2-1/2

[Event "Sunday07 January Rapid Engine Tour 12+1 Rounds 9 Starts 1600 ST"]
[Site "Infinity Chess"]
[Date "2018.1.7"]
[Round "4"]
[White "Murx"]
[Black "Susanne"]
[Result "1/2-1/2 "]
[ECO "A07"]
[WhiteElo "2455"]
[BlackElo "2473"]
[WhiteEngine "BrainFish_171226_x64_modern"]
[BlackEngine "BrainFish_180106_x64_bmi2_CTG"]
[EventType "Swiss"]
[WhiteTeam ""]
[BlackTeam ""]
[PlyCount "179"]
[TimeControl "720+1"]

1. Nf3 d5 2. g3 Nf6 3. Bg2 c5 4. O-O e6 5. c4 d4 6. d3 Be7 7. e3 dxe3 
8. fxe3 O-O 9. b3 a6 10. Nc3 Nbd7 11. d4 Rb8 12. a4 b6 13. Bb2 Bb7 14. Qe2 Ne4 
15. Nxe4 Bxe4 16. Rad1 Qe8 17. d5 exd5 18. Ne5 Bxg2 19. Kxg2 b5 20. Nc6 Rb7 
21. cxd5 Bf6 22. Bxf6 Nxf6 23. axb5 axb5 24. Rxf6 gxf6 25. Qf3 f5 26. Rc1 c4 
27. bxc4 bxc4 28. Rxc4 Qd7 29. Ne5 Qd6 30. Nc6 Kh8 31. Kh3 Re8 32. Qxf5 Qd7 
33. Qxd7 Rxd7 34. e4 f5 35. exf5 Rxd5 36. g4 h5 37. f6 hxg4+ 38. Kxg4 Rg8+ 
39. Kf4 Rf8 40. Ke4 Rd6 41. Ne5 Rdxf6 42. Rc6 Rf4+ 43. Ke3 Kg7 44. h4 Rxh4 
45. Rc7+ Kg8 46. Ng6 Rh3+ 47. Kd4 Rf1 48. Ne7+ Kf7 49. Nd5+ Ke8 50. Re7+ Kf8 
51. Ne3 Rb1 52. Re4 Rh5 53. Rf4+ Kg7 54. Re4 Rb4+ 55. Kd3 Rb3+ 56. Kd4 Ra5 
57. Nc4 Ra1 58. Ne3 Kf6 59. Nd5+ Kg7 60. Re7+ Kg6 61. Re6+ Kf7 62. Re7+ Kf8 
63. Re3 Rbb1 64. Ke5 Rf1 65. Re4 Ra5 66. Ke6 Kg7 67. Re5 Rb1 68. Nc7 Rb6+ 
69. Kf5 Rf6+ 70. Ke4 Ra4+ 71. Kd5 Rh6 72. Re6 Rh5+ 73. Kd6 Raa5 74. Re1 Kg6 
75. Rd1 Ra7 76. Rd5 Rh1 77. Rc5 Kf7 78. Kc6 Rh6+ 79. Kd7 Rb6 80. Kc8 Rb1 
81. Rc2 Kg6 82. Rg2+ Kf5 83. Rc2 Rf1 84. Kb8 Raa1 85. Rd2 Rfb1+ 86. Kc8 Kg5 
87. Ne6+ Kh6 88. Nd4 Ra8+ 89. Kd7 Raa1 90. Kc8 1/2-1/2

[Event "Sunday07 January Rapid Engine Tour 12+1 Rounds 9 Starts 1600 ST"]
[Site "Infinity Chess"]
[Date "2018.1.7"]
[Round "4"]
[White "Marsell"]
[Black "incredible"]
[Result "1/2-1/2"]
[ECO "C42"]
[WhiteElo "2474"]
[BlackElo "2470"]
[WhiteEngine "asmFishW_2017-12-07_popcnt"]
[BlackEngine "stockfish_18010422_x64_bmi2"]
[EventType "Swiss"]
[WhiteTeam ""]
[BlackTeam ""]
[PlyCount "94"]
[TimeControl "720+1"]

1. e4 e5 2. Nf3 Nf6 3. Nxe5 d6 4. Nf3 Nxe4 5. d4 d5 6. Bd3 Be7 7. O-O Nc6 
8. Nbd2 Nd6 9. c3 Bf5 10. Be2 O-O 11. Re1 a6 12. Nf1 Ne4 13. Bf4 Bd6 
14. Bxd6 Nxd6 15. Ne3 Be4 16. Nd2 Ne7 17. Qb3 c6 18. Nxe4 dxe4 19. Rad1 Re8 
20. Bf1 b5 21. g3 Rb8 22. Bg2 a5 23. f3 exf3 24. Bxf3 Qc7 25. Qc2 h6 26. Qf2 Qb7 
27. Qg2 Rbd8 28. Re2 Qc7 29. Qf2 Ng6 30. Rde1 Re7 31. a3 Rde8 32. Qf1 a4 
33. Qf2 Kf8 34. Bh5 Ne4 35. Qg2 Nd6 36. Bg4 Qb6 37. Qf3 Qc7 38. Bh3 c5 
39. Rf1 Qa7 40. Qc6 Qc7 41. Qf3 Qa7 42. Qd5 Rd8 43. dxc5 Re5 44. Qd4 Re4 
45. Qd5 Re5 46. Qd4 Re4 47. Qd5 Re5 1/2-1/2